 Dungeon Crawl Stone Soup version bcrawl-1.13-1-g4ae1fcee6e (webtiles) character file.

Game seed: 16362417830600198335

65 Camlann the Sneak (level 3, 0/29 HPs)
             Began as a Demonspawn Archaeologist on July 29, 2019.
             Slain by a jackal (1 damage)
             ... on level 3 of the Dungeon.
             The game lasted 00:02:45 (2604 turns).

Camlann the Sneak (Demonspawn Archaeologist)        Turns: 2604, Time: 00:02:46

Health: 0/29       AC:  6    Str:  9 (12) XL:     3   Next: 92%
Magic:  0/3        EV: 12    Int: 13 (15) God:
Gold:   62         SH:  0    Dex:  8 (11) Spells: 2/2 levels left

rFire    . . .     SeeInvis .   a - +0 whip
rCold    . . .     Gourm    .   (no shield)
rNeg     . . .     Faith    .   b - +1 robe
rPois    .         Spirit   +   c - +1 hat
rElec    .         Reflect  .   (no cloak)
rCorr    .         Harm     .   (no gloves)
MR       .....                  d - +1 pair of boots
Stlth    ++........             (no amulet)
HPRegen  0.09/turn              (no ring)
MPRegen  0.08/turn              (no ring)

@: studying Armour
A: magic shield
a: no special abilities


You were on level 3 of the Dungeon.
You were not hungry.

You visited 1 branch of the dungeon, and saw 3 of its levels.

You collected 62 gold pieces.


Innate Abilities, Weirdness & Mutations

When hurt, damage is shared between your health and your magic reserves.


   Skills:
 - Level 3.0 Fighting
 - Level 0.8 Maces & Flails
 + Level 2.9 Armour
 - Level 2.6 Dodging
 - Level 3.0 Stealth


You had 2 spell levels left.
You didn't know any spells.
Your spell library was empty.

Dungeon Overview and Level Annotations

Branches:
Dungeon (3/12)

Altars:

Inventory:

Hand Weapons
 a - a +0 whip (weapon)
Missiles
 i - 24 curare-tipped needles (quivered)
Armour
 b - a +1 robe (worn)
 c - a +1 hat (worn)
 d - a +1 pair of boots (worn)
Scrolls
 h - a scroll of blinking {unknown}
 j - 2 scrolls of teleportation
Potions
 l - a potion of heal wounds {unknown}
Books
 e - a manual of Armour {!d}
Miscellaneous
 f - an ancient crate
Comestibles
 g - 2 rations {!d}

.#
####.#########...#
#........h.h..+
..#.#####6#.## ...
#h# # #.%#####.#
#..#.....#
###..#h#.#.#
#......#.#.#
###..h.....#
.......##.#.#
#####.....#.#


You could see 3 jackals.


Message History

The jackal bites you but does no damage.
You hit the jackal.
The jackal is moderately wounded.
The jackal barely misses you.
The jackal bites you but does no damage. x2
You hit the jackal.
You kill the jackal!
The jackal barely misses you. The jackal closely misses you.
The jackal barely misses you. x2; The jackal bites you.
* * * LOW HITPOINT WARNING * * *
You hit the jackal but do no damage. The jackal barely misses you. x2
You closely miss the jackal. The jackal closely misses you.
The jackal bites you but does no damage.
The jackal barely misses you.
You barely miss the jackal. The jackal bites you.
* * * LOW HITPOINT WARNING * * *
The jackal barely misses you. The jackal closely misses you.
You hit the jackal but do no damage. The jackal barely misses you.
The jackal bites you but does no damage. x2
You barely miss the jackal. The jackal misses you. The jackal bites you.
* * * LOW HITPOINT WARNING * * *
The jackal closely misses you.
A jackal comes into view.
The jackal barks!
You hit the jackal.
The jackal is moderately wounded.
The jackal bites you but does no damage.
The jackal completely misses you.
The jackal bites you but does no damage.
You barely miss the jackal.
The jackal is lightly wounded.
The jackal closely misses you. The jackal barely misses you.
The jackal bites you but does no damage.
You hit the jackal.
The jackal is heavily wounded.
The jackal bites you but does no damage.
The jackal bites you. x2
* * * LOW HITPOINT WARNING * * *
The jackal bites you but does no damage.
You hit the jackal.
You kill the jackal!
The jackal misses you. The jackal closely misses you. The jackal bites you.
You barely miss the jackal. The jackal barely misses you. x3
The jackal bites you but does no damage. x2
You hit the jackal.
The jackal is moderately wounded.
The jackal bites you but does no damage.
The jackal closely misses you. The jackal barely misses you.
The jackal misses you. The jackal completely misses you.
You barely miss the jackal.
The jackal is moderately wounded.
The jackal bites you but does no damage.
The jackal bites you.
* * * LOW HITPOINT WARNING * * *
The jackal closely misses you.
You closely miss the jackal.
The jackal is moderately wounded.
The jackal bites you but does no damage. x2
The jackal completely misses you.
The jackal bites you but does no damage.
The jackal bites you.
* * * LOW HITPOINT WARNING * * *
You closely miss the jackal.
The jackal is moderately wounded.
The jackal closely misses you. The jackal bites you.
* * * LOW HITPOINT WARNING * * *
The jackal bites you.
* * * LOW HITPOINT WARNING * * *
The jackal bites you.
You die...

Action                   || total
-------------------------++-------
Melee: Whip              ||   302
  Use: Scroll            ||     2
       Potion            ||     4
 Stab: Sleeping          ||     5
  Eat: Chunk             ||     6
Armor: Robe              ||   139
       Skin              ||     5
Dodge: Dodged            ||   246

Levels and vault maps discovered:
D:1:      wander_arrival_desolate, layout_basic
D:2:      layout_basic, serial_bayou_lagoon_b
D:3:      layout_basic, lemuel_crystal_altar, lemuel_crystal_altar,
          serial_curves, eino_curves_02, eino_curves_02, corexii_shack

Notes
Turn   | Place    | Note
-------+----------+-------------------------------------------
     0 | D:1      | Camlann the Demonspawn Archaeologist began the quest for
                  | the Orb.
     0 | D:1      | Reached XP level 1. HP: 15/15 MP: 1/1
   276 | D:1      | Reached skill level 2 in Fighting
   276 | D:1      | Gained mutation: When hurt, damage is shared between your
                  | health and your magic reserves. [demonic ancestry]
   276 | D:1      | Reached XP level 2. HP: 22/22 MP: 2/2
   364 | D:1      | HP: 5/22 [jackal (3)]
   366 | D:1      | HP: 1/22 [jackal (2)]
   371 | D:1      | HP: 1/23 [jackal (1)]
  1031 | D:1      | Reached skill level 3 in Fighting
  1103 | D:1      | Reached XP level 3. HP: 29/29 MP: 3/3
  1300 | D:2      | Reached skill level 1 in Armour
  1932 | D:2      | HP: 6/43 [worm (5)]
  1938 | D:2      | HP: 4/43 [worm (3)]
  1943 | D:2      | Reached skill level 2 in Armour
  2598 | D:3      | HP: 7/29 [jackal (1)]
  2603 | D:3      | HP: 5/29 [jackal (1)]
  2604 | D:3      | HP: 1/29 [jackal (2)]
  2604 | D:3      | Slain by a jackal

Vanquished Creatures
  An adder (D:3)
  A worm (D:2)
  A dart slug (D:1)
  2 leopard geckos (D:2)
  A giant cockroach (D:1)
  4 goblins (D:1)
  5 hobgoblins
  11 jackals
  A quokka (D:2)
  6 bats
  3 frilled lizards
  2 kobolds
  5 rats
43 creatures vanquished.
